 Dungeon Crawl Stone Soup version 0.27.1 (webtiles) character file.

Game seed: 16724270613079232954

58254 ZARRMARR the Tortoise (level 14, -15/140 HPs)
             Began as a Minotaur Berserker on Aug 28, 2021.
             Was the Champion of Trog.
             Demolished by a bunyip (28 damage)
             ... on level 2 of the Swamp.
             The game lasted 01:45:42 (22714 turns).

ZARRMARR the Tortoise (Minotaur Berserker)         Turns: 22714, Time: 01:45:42

Health: -15/140    AC: 22    Str: 33    XL:     14   Next: 48%
Magic:  0/13       EV: 10    Int:  5    God:    Trog [******]
Gold:   963        SH:  4    Dex: 10    Spells: 13/13 levels left

rFire    . . .     SeeInvis .   B - +3 broad axe of Satyriasis {freeze, Fly rPois rCorr Str-5 Stlth+}
rCold    . . .     Faith    .   O - +0 buckler
rNeg     . . .     Spirit   +   l - +0 plate armour
rPois    +         Reflect  .   (helmet restricted)
rElec    .         Harm     .   M - +0 cloak
rCorr    +         Rampage  .   (no gloves)
Will     +++..                  m - +0 pair of boots
Stlth    ..........             h - amulet of guardian spirit
HPRegen  1.33/turn              R - +6 ring of strength
MPRegen  0.13/turn              r - +6 ring of strength

@: strong-willed, on berserk cooldown, flying, regenerating, slowed, very slow
A: horns 2, retaliatory headbutt
a: Renounce Religion, Berserk, Trog's Hand, Brothers in Arms


You were on level 2 of the Swamp.
You worshipped Trog.
Trog was exalted by your worship.
You visited 3 branches of the dungeon, and saw 17 of its levels.

You collected 1068 gold pieces.
You spent 105 gold pieces at shops.

Inventory:

Hand Weapons
 e - a +2 vorpal battleaxe
 s - a +6 hand axe of flaming
 B - the +3 broad axe of Satyriasis (weapon) {freeze, Fly rPois rCorr Str-5 Stlth+}
   (You found it on level 8 of the Dungeon)

   It freezes those it strikes, dealing additional cold damage.
   It can also slow down cold-blooded creatures.
   Str:       It affects your strength (-5).
   rPois:     It protects you from poison.
   Fly:       It grants you flight.
   rCorr:     It protects you from acid and corrosion.
   Stlth:     It makes you more stealthy.
 G - the +11 dagger of Kismet {pain, rF+ Int+2}
   (You found it on level 1 of the Lair of Beasts)

   In the hands of one skilled in necromantic magic, it inflicts extra damage on
   living creatures.
   Int:       It affects your intelligence (+2).
   rF:        It protects you from fire.
   Trog disapproves of the use of such an item.
 K - the +6 bardiche "Toodiabe" {vorpal, rPois Str+4}
   (Trog gifted it to you on level 3 of the Lair of Beasts)

   It inflicts extra damage upon your enemies.
   Str:       It affects your strength (+4).
   rPois:     It protects you from poison.
Missiles
 c - 460 stones
 q - 9 boomerangs (quivered)
 w - 35 poisoned darts
 D - 3 throwing nets
 J - 2 silver boomerangs
Armour
 l - a +0 plate armour (worn)
 m - a +0 pair of boots (worn)
 v - +0 steam dragon scales
 x - the +1 pair of boots "Etuchecu" {Fly rPois Str+3 Int-5}
   (You found it on level 7 of the Dungeon)

   Str:       It affects your strength (+3).
   Int:       It affects your intelligence (-5).
   rPois:     It protects you from poison.
   Fly:       It grants you flight.
 M - a +0 cloak (worn)
 N - a +0 kite shield
 O - a +0 buckler (worn)
Jewellery
 h - an amulet of guardian spirit (around neck)
 j - a ring of protection from cold
 r - a +6 ring of strength (right hand)
 R - a +6 ring of strength (left hand)
Wands
 k - a wand of iceblast (20)
 A - a wand of charming (3)
 Q - a wand of flame (20)
Scrolls
 i - a scroll of fear
 n - a scroll of brand weapon
 o - 3 scrolls of enchant armour
 p - 2 scrolls of immolation
 y - 2 scrolls of vulnerability
 C - a scroll of torment
 H - 2 scrolls of teleportation
Potions
 a - 3 potions of curing {unknown}
 b - 5 potions of heal wounds
 d - 2 potions of attraction {unknown}
 f - a potion of might {unknown}
 g - 2 potions of lignification {unknown}
 z - a potion of mutation {unknown}
 F - a potion of brilliance {unknown}
 I - a potion of haste {unknown}
 L - 2 potions of ambrosia {unknown}
 P - a potion of degeneration {unknown}


   Skills:
 + Level 17.0 Fighting
 - Level 14.0 Axes
 + Level 18.7 Armour
 + Level 4.5 Dodging
 + Level 3.6 Shields


You had 13 spell levels left.
You didn't know any spells.
Your spell library contained the following spells:

 Spells                   Type           Power      Damage    Failure   Level
 Sandblast                Erth           0%         2d4       91%         1
 Passwall                 Tmut/Erth      0%         N/A       97%         2
 Slow                     Hex            0%         N/A       97%         2
 Sublimation of Blood     Necr           0%         N/A       97%         2
 Wereblood                Tmut           0%         N/A       97%         2
 Confusing Touch          Hex            0%         N/A       100%        3
 Inner Flame              Hex/Fire       0%         N/A       100%        3
 Animate Dead             Necr           0%         N/A       100%        4
 Cause Fear               Hex            0%         N/A       100%        4
 Olgreb's Toxic Radiance  Pois           0%         N/A       100%        4
 Summon Ice Beast         Ice/Summ       0%         N/A       100%        4
 Lee's Rapid Deconstruct  Erth           0%         3d5*      100%        5
 Summon Mana Viper        Hex/Summ       0%         N/A       100%        5
 Yara's Violent Unravell  Hex/Tmut       0%         3d3       100%        5
 Haunt                    Necr/Summ      0%         N/A       100%        7
 Monstrous Menagerie      Summ           0%         N/A       100%        7
 Ozocubu's Refrigeration  Ice            0%         4d5       100%        7
 Summon Hydra             Summ           0%         N/A       100%        7
 Discord                  Hex            0%         N/A       100%        8
 Ignition                 Fire           0%         3d3       100%        8
 Infestation              Necr           0%         N/A       100%        8


Dungeon Overview and Level Annotations

Branches:
Dungeon (9/15)             Temple (0/1) D:5            Lair (6/6) D:8
  Swamp (2/4) Lair:3        Snake (0/4) Lair:4        Slime (0/5) Lair:5
    Orc: D:9-12

Altars:
Ashenzari
Cheibriados
Dithmenos
Elyvilon
Fedhas
Hepliaklqana
Nemelex Xobeh
Okawaru
Trog
Vehumet
Wu Jian
Xom
The Shining One

Shops:
D:1 *

Annotations:
Lair:6 2 runed translucent doors


Innate Abilities, Weirdness & Mutations

You have a pair of horns on your head.
You reflexively headbutt those who attack you in melee.


Message History

* * * LOW HITPOINT WARNING * * *
Blink to where?
Press: ? - help, Dir - move target
Found a ring mail.
As you read the scroll of blinking, it crumbles to dust.
You fly downwards.
The bunyip gives a hideous shriek!
The spriggan rider shouts!
Found a scroll of enchant weapon.
Found two stone staircases leading down.
There is a stone staircase leading up here.
As you read the scroll of summoning, it crumbles to dust.
Wisps of shadow whirl around you...
The bunyip howls a warning cry!
The spriggan rider hits you from afar with a +0 spear!
* * * LOW HITPOINT WARNING * * *
You hear a roar!
You hear a shout!
You hear an angry buzzing noise.
You hear a deafening roar!
You don't know any spells.
Your cyclops goes berserk!
The spriggan rider hits you but does no damage.
Your vampire mosquito barely misses the spriggan rider.
Your tyrant leech bites the bunyip!!
Your tyrant leech draws strength from the bunyip's injuries!
You swap places.
Found a stone staircase leading up.
Your vampire mosquito bites the spriggan rider.
Your vampire mosquito draws strength from the spriggan rider's injuries!
Your vampire mosquito barely misses the spriggan rider.
Your vampire mosquito misses the spriggan rider.
Your swamp dragon completely misses the spriggan rider.
Your swamp dragon barely misses the spriggan rider.
Your swamp dragon tramples the spriggan rider!
The spriggan rider is shoved backwards!
Your vampire mosquito bites the spriggan rider!
Your vampire mosquito draws strength from the spriggan rider's injuries!
Your cyclops hits the bunyip!
Your vampire mosquito misses the spriggan rider.
The bunyip claws you.
* * * LOW HITPOINT WARNING * * *
The bunyip misses you. The bunyip claws you!!
You die...

♣♣≈..♣≈?...
.≈....≈≈≈≈
.♣..§≈≈≈≈≈
♣♣♣≈.≈≈≈≈≈≈≈
♣♣.≈.≈y≈≈≈≈..
♣.≈i>i≈≈≈≈≈..
♣≈..Dy≈w...♣♣
♣≈≈≈.<..≈≈..♣
♣.≈≈@x≈≈..≈≈.
♣♣....C≈♣.≈≈.
♣......≈.≈§.
♣..>.≈.♣....
≈≈≈≈.≈≈.≈≈≈♣
♣≈≈§≈.....≈≈≈
♣.≈≈..≈≈...≈≈
♣≈≈..<.♣♣≈..


You could see a bunyip (ally target), 2 spriggan riders, a friendly swamp dragon
(summoned), a friendly tyrant leech (summoned), a friendly cyclops (summoned,
berserk) and 2 friendly vampire mosquitoes.

Vanquished Creatures
  A bunyip (Swamp:1)
  Josephine (Lair:6)
  2 ghost crabs (Swamp:1)
  5 hydras
  A catoblepas (Lair:6)
  2 boulder beetles
  A two-headed ogre (D:8)
  An alligator (Swamp:1)
  5 death yaks (Lair:6)
  The ghost of ZARRMARR the Ducker, a novice HuMo of Okawaru (D:7)
  A spriggan druid (Swamp:1)
  A lindwurm (Lair:6)
  5 bog bodies
  4 oklob plants (Lair:5)
  The ghost of Harkinian2 the Cudgeller, a novice DsGl of Cheibriados (D:6)
  A will-o-the-wisp (Swamp:1)
  A moth of wrath (D:7)
  12 black mambas
  8 elephants
  Joseph (D:7)
  2 molten gargoyles (Lair:6)
  A torpor snail (Lair:6)
  14 cane toads
  2 rime drakes
  10 komodo dragons
  Maggie (D:6)
  A polar bear (Lair:5)
  A tyrant leech (Swamp:1)
  2 hornets
  4 blink frogs (Lair:2)
  8 dream sheep
  A spriggan (Swamp:1)
  4 wraiths (Lair:6)
  45 yaks
  2 fire bats (Lair:2)
  7 wyverns
  2 steam dragons
  5 basilisks
  5 swamp worms
  Duvessa (D:6)
  3 hell hounds (Lair:6)
  21 water moccasins
  3 orc warriors
  2 ice beasts
  2 sky beasts
  A necrophage (D:7)
  3 black bears
  2 ogres
  The ghost of comborobin the Ruffian, an amateur PaWr (D:3)
  A centaur (D:7)
  30 wolves
  3 kobold brigands
  3 phantoms (D:7)
  16 bullfrogs
  Dowan (D:6)
  2 water moccasin zombies (D:5)
  3 scorpions
  3 water moccasin skeletons
  A killer bee (D:5)
  3 wights (D:9)
  An electric eel (Lair:3)
  9 howler monkeys
  5 lava snakes (Lair:6)
  4 centaur zombies
  7 hounds
  5 orc priests
  3 jellies
  Crazy Yiuf (D:6)
  2 gnoll shamans
  3 iguanas
  8 orc wizards
  6 hell rats (Lair:5)
  A hound skeleton (D:5)
  A howler monkey zombie (D:9)
  13 gnolls
  11 adders
  A howler monkey skeleton (D:5)
  3 white imps
  4 worms
  7 dart slugs
  34 orcs
  6 ball pythons
  9 endoplasms
  3 giant cockroaches
  5 goblins
  8 hobgoblins
  9 jackals
  2 quokkas
  A bat (D:1)
  2 frilled lizards
  19 kobolds
  6 rats
476 creatures vanquished.

Vanquished Creatures (others)
  8 foxfires (Swamp:1)
  22 fungi
  32 plants
62 creatures vanquished.

Grand Total: 538 creatures vanquished

Notes
Turn   | Place    | Note
-------+----------+-------------------------------------------
     0 | D:1      | ZARRMARR the Minotaur Berserker began the quest for the
                  | Orb.
     0 | D:1      | Reached XP level 1. HP: 19/19 MP: 0/0
   266 | D:1      | Reached XP level 2. HP: 23/27 MP: 1/1
   573 | D:1      | Found Buj Poc's General Store.
   949 | D:1      | Found a faded altar of an unknown god.
  1367 | D:2      | Reached XP level 3. HP: 33/33 MP: 2/2
  1448 | D:2      | Reached skill level 3 in Armour
  1587 | D:2      | Reached ** piety under Trog
  2004 | D:2      | Found a hazy altar of Hepliaklqana.
  2080 | D:2      | Reached XP level 4. HP: 38/41 MP: 1/3
  2680 | D:3      | Reached skill level 4 in Armour
  2680 | D:3      | Reached XP level 5. HP: 47/47 MP: 4/4
  2694 | D:3      | Reached skill level 5 in Axes
  2941 | D:3      | Found a runed translucent door.
  2942 | D:3      | Noticed comborobin's ghost (amateur PaWr)
  3343 | D:4      | Reached XP level 6. HP: 55/55 MP: 5/5
  3463 | D:4      | Found a radiant altar of Vehumet.
  3784 | D:4      | Reached skill level 5 in Armour
  3872 | D:4      | Found an iron altar of Okawaru.
  4342 | D:3      | Reached skill level 5 in Fighting
  4353 | D:3      | Killed comborobin's ghost
  4410 | D:5      | Entered Level 5 of the Dungeon
  4421 | D:5      | Reached *** piety under Trog
  4538 | D:5      | Reached XP level 7. HP: 58/61 MP: 6/6
  4556 | D:5      | Reached skill level 6 in Armour
  5203 | D:5      | Reached skill level 7 in Armour
  5340 | D:5      | Reached XP level 8. HP: 70/70 MP: 7/7
  5526 | D:5      | Found a staircase to the Ecumenical Temple.
  5636 | D:5      | Found a bloodstained altar of Trog.
  5887 | D:5      | Reached **** piety under Trog
  5964 | D:5      | Found a shimmering altar of Xom.
  6138 | D:6      | Reached skill level 8 in Armour
  6273 | D:6      | Found a runed translucent door.
  6393 | D:6      | Noticed Harkinian2's ghost (novice DsGl)
  6511 | D:6      | Found a runed translucent door.
  6512 | D:6      | Noticed Crazy Yiuf
  6666 | D:6      | Reached XP level 9. HP: 78/78 MP: 8/8
  6718 | D:6      | Reached skill level 10 in Axes
  6718 | D:6      | Reached skill level 9 in Armour
  6782 | D:6      | Noticed Dowan
  6784 | D:6      | Noticed Duvessa
  6789 | D:6      | Killed Duvessa
  6790 | D:6      | Killed Dowan
  6879 | D:6      | Noticed Maggie
  6884 | D:6      | Killed Maggie
  7382 | D:1      | Bought a scroll of enchant weapon for 105 gold pieces
  8193 | D:1      | Found a faded altar of an unknown god.
  8723 | D:7      | Found a shadowy altar of Dithmenos.
  8802 | D:7      | Found a blossoming altar of Fedhas.
  8964 | D:7      | Identified the +1 pair of boots "Etuchecu" {Fly rPois Str+3
                  | Int-5}
  8976 | D:7      | Lost intelligence.
  9022 | D:7      | Reached skill level 10 in Armour
  9094 | D:7      | Found a sparkling altar of Nemelex Xobeh.
  9186 | D:7      | Noticed Joseph
  9192 | D:7      | Killed Joseph
  9197 | D:7      | Reached XP level 10. HP: 88/88 MP: 9/9
  9572 | D:7      | Found a transporter.
  9576 | D:7      | Found a bloodstained altar of Trog.
  9577 | D:7      | Noticed ZARRMARR's ghost (novice HuMo)
  9585 | D:7      | Found a transporter.
  9586 | D:7      | Noticed a moth of wrath
  9739 | D:6      | Killed Crazy Yiuf
  9804 | D:6      | Killed Harkinian2's ghost
 10022 | D:8      | Found a staircase to the Lair.
 10030 | D:8      | Reached skill level 11 in Armour
 10168 | D:8      | Reached ***** piety under Trog
 10184 | D:8      | Identified the +3 broad axe of Satyriasis {freeze, Fly
                  | rPois rCorr Str-5 Stlth+}
 10368 | D:8      | Noticed a two-headed ogre
 10374 | D:8      | Killed a two-headed ogre
 10766 | D:8      | Found an ornate altar of the Wu Jian Council.
 10900 | D:7      | Killed a moth of wrath
 10905 | D:7      | Killed ZARRMARR's ghost
 10906 | D:7      | Reached skill level 12 in Armour
 11059 | D:9      | Reached XP level 11. HP: 88/97 MP: 8/10
 11127 | D:9      | Found a white marble altar of Elyvilon.
 11519 | D:9      | Found a broken altar of Ashenzari.
 11547 | D:9      | Found a hazy altar of Hepliaklqana.
 11822 | D:9      | Found a glowing golden altar of the Shining One.
 12036 | D:9      | Found a snail-covered altar of Cheibriados.
 12500 | Lair:1   | Entered Level 1 of the Lair of Beasts
 12900 | Lair:1   | Identified the +11 dagger of Kismet {pain, rF+ Int+2}
 13280 | Lair:2   | Reached skill level 13 in Armour
 13423 | Lair:2   | Reached skill level 10 in Fighting
 14170 | Lair:2   | Reached skill level 14 in Armour
 14813 | Lair:3   | Reached XP level 12. HP: 110/110 MP: 11/11
 14823 | Lair:3   | Identified the +6 bardiche "Toodiabe" {vorpal, rPois Str+4}
                  | (Trog gifted it to you on level 3 of the Lair of Beasts)
 14823 | Lair:3   | Received a gift from Trog
 14883 | Lair:3   | Noticed a five-headed hydra
 14893 | Lair:3   | Killed a one-headed hydra
 14966 | Lair:3   | Reached skill level 15 in Armour
 15497 | Lair:3   | Found a staircase to the Swamp.
 15982 | Lair:4   | Reached skill level 16 in Armour
 16106 | Lair:4   | Found a staircase to the Snake Pit.
 16470 | Lair:4   | Noticed a boulder beetle
 16484 | Lair:4   | Killed a boulder beetle
 17026 | Lair:5   | Noticed a boulder beetle
 17032 | Lair:5   | Reached XP level 13. HP: 122/122 MP: 12/12
 17117 | Lair:5   | Received a gift from Trog
 17259 | Lair:5   | Reached skill level 17 in Armour
 17262 | Lair:5   | Found a staircase to the Slime Pits.
 18713 | Lair:6   | Entered Level 6 of the Lair of Beasts
 18940 | Lair:6   | Reached skill level 15 in Fighting
 19021 | Lair:6   | Reached skill level 1 in Shields
 19291 | Lair:6   | Noticed Josephine
 19306 | Lair:6   | Killed Josephine
 19611 | Lair:6   | Reached ****** piety under Trog
 19633 | Lair:6   | Reached XP level 14. HP: 114/137 MP: 11/13
 19816 | Lair:6   | Reached skill level 18 in Armour
 20047 | Lair:6   | Found a large runed translucent door.
 20687 | Lair:6   | Found a large runed translucent door.
 21642 | Swamp:1  | Entered Level 1 of the Swamp
 22708 | Swamp:1  | Received a gift from Trog
 22714 | Swamp:2  | Demolished by a bunyip

Illustrated notes

Levels and vault maps discovered:
D:1:      matt_arrival_diagonals, layout_basic,
          hellmonk_ecumenical_altar_inner_sanctum, serial_shops, shop,
          serial_bayou_crossing
D:2:      layout_basic, basic_altar
D:3:      layout_rooms, ebering_ghost_inner_flame, due_unseen_surprise
D:4:      layout_basic, amcnicky_altar_gilded, okawaru_metal_pillars_1_2,
          grunt_decor_cap
D:5:      minmay_recursive_quarters, layout_basic, tgw_xom, trog_antimagical,
          minmay_temple_entry_drinking_statues
D:6:      layout_loops_cross, ebering_ghost_sewer_d, grunt_ministairs_4,
          uniq_crazy_yiuf_cottage, uniq_maggie, uniq_duvessa
D:7:      layout_loops_ring, overflow_temple_1_default,
          mainiacjoe_overflow_alcove_1, old_standard_altar,
          gammafunk_ghost_wrathful_warriors, minmay_strange_pillars, uniq_joseph
D:8:      layout_rooms, mainiacjoe_overflow_alcove_2, david_lair_generic,
          serial_curves, eino_curves_02, eino_curves_03, eino_curves_01,
          eino_curves_02, grunt_decor_fettered, grunt_decor_arrowhead,
          chequers_serial_rivers_large_a, grunt_ministairs_10
D:9:      layout_layer_cave, nicolae_ashenzari_skybound,
          cheibrodos_worm_habitat, lemuel_doored_altar, old_standard_altar,
          mainiacjoe_overflow_boulevard
Lair:1:   layout_misc_corridors, small_statue_intersection,
          chequers_serial_rivers_micro_d
Lair:2:   layout_gridlike, beast_lair_carwin_7
Lair:3:   layout_cave_shapes, nicolae_swamp_entry_splash_gauntlet,
          grunt_megastairs_5, infiniplex_staircase_pool_2
Lair:4:   layout_roguey, minmay_snake_entry_six_corridors
Lair:5:   layout_small_grid, slime_dummy, lemuel_fruit_tree,
          minmay_lair_oklob_chamber
Lair:6:   cheibrodos_lair_end_hotspot, layout_long_grid, uniq_josephine
Swamp:1:  layout_basic_swamp, nicolae_swamp_little_swirl, swamp_pool1
Swamp:2:  nzn_winding_woodlands_three_and_one
          [nzn_winding_woodlands_5x15_parted, nzn_winding_woodlands_5x15_pool,
          nzn_winding_woodlands_5x15_lazy_stream,
          nzn_winding_woodlands_center_lodge], layout_basic_swamp,
          nicolae_swamp_well_well_well, swamp_pool3

Skill      XL: |  1  2  3  4  5  6  7  8  9 10 11 12 13 14 |
---------------+-------------------------------------------+-----
Axes           | 4 5 6 7 9 11 13 14 | 14.0
Fighting       | 4 5 6 8 9 11 13 16 17 | 17.0
Armour         | 3 4 5 7 8 10 12 14 16 17 18 | 18.7
Dodging        | 3 4 |  4.5
Shields        | 2 3 |  3.6

Action                   |  1- 3 |  4- 6 |  7- 9 | 10-12 | 13-15 || total
-------------------------+-------+-------+-------+-------+-------++-------
Melee: Hand axe          |    68 |   103 |   199 |   391 |   277 ||  1038
       Headbutt          |    11 |    14 |    58 |   101 |   105 ||   289
       Broad axe         |       |       |       |     8 |    84 ||    92
Throw: Stone             |    71 |    55 |    58 |     3 |       ||   187
       Boomerang         |    10 |    31 |    24 |    25 |    22 ||   112
       Dart              |       |       |    18 |   166 |   102 ||   286
Invok: Berserk           |     1 |     4 |    14 |    25 |    20 ||    64
       Trog's Hand       |       |     1 |       |     1 |     4 ||     6
       Brothers in Arms  |       |       |       |       |     1 ||     1
  Use: Scroll            |     1 |     2 |     2 |    11 |     4 ||    20
       Potion            |       |       |       |       |     1 ||     1
Armor: Ring mail         |    18 |    10 |       |       |       ||    28
       Animal skin       |     1 |       |       |       |       ||     1
       Plate armour      |       |    27 |    86 |   118 |   174 ||   405
Dodge: Dodged            |    38 |    39 |    57 |    99 |   112 ||   345
Block: Buckler           |       |       |       |     1 |    37 ||    38
